 Dungeon Crawl Stone Soup version 0.24-a0-91-g4e4936a (webtiles) character file.

Game seed: 15655693990663538494

138 galech the Skirmisher (level 5, 42/42 HPs)
             Began as a Demonspawn Fighter on Feb 7, 2019.
             Quit the game on level 3 of the Dungeon on Feb 8, 2019.
             The game lasted 00:02:37 (2155 turns).

galech the Skirmisher (Demonspawn Fighter)          Turns: 2155, Time: 00:02:38

Health: 42/42      AC:  9    Str: 17    XL:     5   Next: 1%
Magic:  9/14       EV:  4    Int:  9    God:
Gold:   157        SH:  8    Dex: 13    Spells: 4/4 levels left

rFire    . . .     SeeInvis .   a - +0 war axe
rCold    . . .     Gourm    .   c - +0 shield
rNeg     . . .     Faith    .   g - +0 chain mail
rPois    .         Spirit   .   (no helmet)
rElec    .         Reflect  .   (no cloak)
rCorr    .         Harm     .   (no gloves)
MR       .....                  (no boots)
Stlth    ..........             (no amulet)
HPRegen  0.14/turn              o - ring of magical power
MPRegen  0.14/turn              (no ring)

@: lightly drained
A: talons 1, demonic guardian 1
a: no special abilities


You were on level 3 of the Dungeon.
You were not hungry.

You visited 1 branch of the dungeon, and saw 4 of its levels.

You collected 157 gold pieces.

Inventory:

Hand Weapons
 a - a +0 war axe (weapon)
Armour
 b - a +0 scale mail
 c - a +0 shield (worn)
 g - a +0 chain mail (worn)
Jewellery
 o - a ring of magical power (left hand)
Scrolls
 j - a scroll of immolation {unknown}
 k - 2 scrolls of remove curse {unknown}
 l - a scroll of fog {unknown}
 m - 2 scrolls of identify {unknown}
 n - a scroll of fear {unknown}
 p - a scroll of blinking {unknown}
 q - 3 scrolls of magic mapping {unknown}
 s - a scroll of amnesia {unknown}
 v - a scroll of enchant weapon {unknown}
Potions
 d - a potion of might
 e - a potion of flight {unknown}
 h - a potion of magic {unknown}
 r - a potion of berserk rage {unknown}
 t - a potion of degeneration {unknown}
 u - a potion of haste {unknown}
Comestibles
 f - 3 rations
 i - 2 chunks of flesh


   Skills:
 + Level 3.7(3.3) Fighting
 + Level 3.3(2.9) Axes
 + Level 3.3(2.9) Armour
 + Level 0.2(0.0) Dodging
 + Level 0.1(0.0) Stealth
 + Level 3.1(2.7) Shields


You had 4 spell levels left.
You didn't know any spells.
Your spell library was empty.

Dungeon Overview and Level Annotations

Branches:
Dungeon (4/15)
 Temple: D:4-7

Altars:
Ashenzari
Elyvilon
Fedhas
Nemelex Xobeh
Yredelemnul


Innate Abilities, Weirdness & Mutations

You have sharp toenails.
A weak demonic guardian rushes to your aid.


Message History

The jackal barks!
You slash the jackal!
You kill the jackal!
You have reached level 5!
Your demonic ancestry asserts itself...
You feel the presence of a demonic guardian.
You hear a bark!
You see here a jackal corpse.
You slash the jackal!
You kill the jackal!
No target in view!
No target in view!
No target in view!
No target in view!
No target in view!
No target in view!
No target in view!
No target in view!
No target in view!
Are you sure you want to abandon this character and quit the game? (Confirm with "yes".)

##### #...######.
....######...# #..
##..........# #.#
#.......#...# #.#
#.......#...# #.#
.#####.......#####
#.# ........%....#
#.#
....(#.......##
#.#
.###...@.......#
#.# ###.......#>#
#.. #.......#...
#.. .....#### #.
#.. ..##### #..
.## ##.. .. #...
.. #..... #.#.##


There were no monsters in sight!

Vanquished Creatures
  Natasha (twice) (D:3)
  3 adders (D:2)
  3 leopard geckos
  2 orcs (D:3)
  4 bats
  2 giant cockroaches
  3 goblins
  8 hobgoblins
  8 jackals
  A quokka (D:2)
  3 frilled lizards
  8 kobolds
  7 rats
54 creatures vanquished.

Notes
Turn   | Place    | Note
-------+----------+-------------------------------------------
     0 | D:1      | galech the Demonspawn Fighter began the quest for the Orb.
     0 | D:1      | Reached XP level 1. HP: 18/18 MP: 1/1
   366 | D:1      | Gained mutation: You have sharp toenails. [demonic
                  | ancestry]
   366 | D:1      | Reached XP level 2. HP: 24/24 MP: 2/2
   801 | D:2      | Reached XP level 3. HP: 25/29 MP: 3/3
  1439 | D:2      | Found a faded altar of an unknown god.
  1465 | D:2      | You fall through a shaft for 2 floors!
  1465 | D:4      | Found a white marble altar of Elyvilon.
  1465 | D:4      | Found a blossoming altar of Fedhas.
  1465 | D:4      | Found a sparkling altar of Nemelex Xobeh.
  1465 | D:4      | Found a basalt altar of Yredelemnul.
  1466 | D:4      | Found a shattered altar of Ashenzari.
  1489 | D:3      | Noticed Natasha
  1498 | D:2      | Reached XP level 4. HP: 31/35 MP: 4/4
  1513 | D:3      | Killed Natasha
  1518 | D:3      | Noticed Natasha
  1767 | D:3      | Killed Natasha
  2095 | D:3      | Upgraded the game from 0.24-a0-84-g25a2d9f to
                  | 0.24-a0-91-g4e4936a
  2152 | D:3      | Gained mutation: A weak demonic guardian rushes to your
                  | aid. [demonic ancestry]
  2152 | D:3      | Reached XP level 5. HP: 42/42 MP: 5/5
  2155 | D:3      | Quit the game

Levels and vault maps discovered:
D:1:      minmay_arrival_four_houses, layout_basic,
          wander_ebering_terrifying_dragon_lair
D:2:      layout_basic, chequers_ecumenical_altar_simple
D:3:      layout_rooms, first_ration, uniq_sigmund, uniq_natasha
D:4:      layout_loops_corners, kennysheep_mini_moat,
          grunt_temple_overflow_open, minmay_temple_entry_from_below_a,
          uniq_robin

Skill      XL: |  1  2  3  4 |
---------------+-------------+-----
Axes           | 2 3 |  3.3
Armour         | 3 |  3.3
Shields        | 3 |  3.1
Fighting       | |  3.7
Dodging        | |  0.2
Stealth        | |  0.1

Action                   |  1- 3 |  4- 6 || total
-------------------------+-------+-------++-------
Melee: War axe           |   131 |    49 ||   180
       Kick              |    25 |     6 ||    31
  Eat: Chunk             |     2 |     2 ||     4
Armor: Chain mail        |    90 |    41 ||   131
       Scale mail        |     6 |       ||     6
Dodge: Dodged            |    29 |    25 ||    54
Block: Shield            |    72 |    29 ||   101

Table legend:
 A = Non-vault XP
 B = Vault XP
 C = Vault XP percentage of total XP
 D = Non-vault monster count
 E = Vault monster count
 F = Vault count percentage of total count
                 A         B        C        D         E       F
            +---------+---------+-------+---------+---------+-------
      Total |     160 |      38 |  19.2 |      52 |       2 |   3.7
            +---------+---------+-------+---------+---------+-------
        D:1 |      31 |       3 |   8.8 |      20 |       1 |   4.8
        D:2 |      74 |       0 |   0.0 |      23 |       0 |   0.0
        D:3 |      55 |      35 |  38.9 |       9 |       1 |  10.0
            +---------+---------+-------+---------+---------+-------
